 Dungeon Crawl Stone Soup version 0.25-a0-558-g78a2afb0af (webtiles) character file.

Game seed: 18145309181929499070, levelgen mode: deterministic

553 BeastOfSaturn the Shield-Bearer (level 7, -3/59 HPs)
             Began as a Ghoul Fighter on Feb 24, 2020.
             Slain by a sky beast (5 damage)
             ... on level 4 of the Dungeon on Feb 25, 2020.
             The game lasted 00:14:47 (3325 turns).

BeastOfSaturn the Shield-Bearer (Ghoul Fighter)     Turns: 3325, Time: 00:14:47

Health: -3/59      AC:  9    Str: 20    XL:     7   Next: 29%
Magic:  6/6        EV:  8    Int:  4    God:
Gold:   219        SH:  9    Dex:  9    Spells: 6/6 levels left

rFire    . . .     SeeInvis +   s - +0 spear (venom)
rCold    + . .     Gourm    .   c - +0 kite shield
rNeg     + + +     Faith    .   r - +0 scale mail
rPois    ∞         Spirit   .   (no helmet)
rElec    .         Reflect  .   q - +1 cloak
rCorr    .         Harm     .   (no gloves)
MR       .....                  (no boots)
Stlth    ..........             (no amulet)
HPRegen  0.00/turn              (no ring)
MPRegen  0.10/turn              x - ring of see invisible

@: rotting
A: rotting body, claws 1, carnivore, cold resistance 1, negative energy
resistance 3, inhibited regeneration, torment resistance, unbreathing
a: no special abilities


You were on level 4 of the Dungeon.
You were not hungry.

You visited 1 branch of the dungeon, and saw 5 of its levels.

You collected 219 gold pieces.

Inventory:

Hand Weapons
 a - a +0 vampiric trident
 s - a +0 spear of venom (weapon)
Armour
 c - a +0 kite shield (worn)
 q - a +1 cloak (worn)
 r - a +0 scale mail (worn)
Jewellery
 x - a ring of see invisible (right claw)
Scrolls
 e - a scroll of enchant armour
 h - 4 scrolls of remove curse
 j - 3 scrolls of teleportation {unknown}
 k - 4 scrolls of identify {unknown}
 l - a scroll of enchant weapon {unknown}
 n - 2 scrolls of amnesia {unknown}
 u - 3 scrolls of noise {unknown}
 w - a scroll of fear {unknown}
Potions
 b - a potion of curing
 d - 2 potions of flight {unknown}
 g - a potion of stabbing {unknown}
 i - a potion of resistance {unknown}
 m - a potion of haste {unknown}
 o - a potion of ambrosia {unknown}
 v - a potion of invisibility {unknown}
Comestibles
 f - 10 rations


   Skills:
 - Level 4.0 Fighting
   Level 3.2 Maces & Flails
 * Level 2.7 Polearms
 + Level 3.7 Armour
 + Level 1.3 Dodging
 * Level 4.8 Shields


You had 6 spell levels left.
You didn't know any spells.
Your spell library was empty.

Dungeon Overview and Level Annotations

Branches:
Dungeon (5/15)
 Temple: D:4-7

Altars:

Annotations:
D:3 1 runed translucent door


Innate Abilities, Weirdness & Mutations

Your body is rotting away.
You thrive on raw meat.
You are immune to poison.
You have sharp fingernails.
You are carnivorous and can eat meat at any time.
Your flesh is cold resistant. (rC+)
You are immune to negative energy. (rN+++)
You do not regenerate when monsters are visible.
You are immune to unholy pain and torment.
You can survive without breathing.


Message History

The sky beast hits you but does no damage.
Your shield prevents you from hitting the sky beast.
The sky beast is lightly wounded.
You block the sky beast's attack.
The sky beast hits you but does no damage.
You completely miss the sky beast.
The sky beast is lightly wounded.
The sky beast hits you but does no damage.
You barely miss the sky beast.
The sky beast is moderately wounded.
The sky beast hits you.
* * * LOW HITPOINT WARNING * * *
The sky beast shocks you.
* * * LOW HITPOINT WARNING * * *
You hit the sky beast.
The sky beast is moderately wounded.
The sky beast hits you.
* * * LOW HITPOINT WARNING * * *
The sky beast shocks you.
You die...

#.# #...>..# #.#
###...)).# #.#
###........#
#.###...#......# #
####.##..###......#
####.......##
#.)....# .....##(####
##(##### ..##..(....#
#Y# ..##.(..)..#
#@#### ..##.......#
#....# ..##)......#
#....#
..##.......#####....#
.########...........#
## ###......#.#...#
######...######.#...#
.......########.#####
........##.........#


You could see a sky beast (invisible).

Vanquished Creatures
  A bullfrog (D:3)
  The ghost of ichi404 the Ducker, a weakling TrWr (D:3)
  A scorpion (D:2)
  3 orc priests
  A gnoll shaman (D:4)
  3 orc wizards
  5 gnolls (D:4)
  3 adders
  A river rat (D:3)
  7 worms
  3 dart slugs
  3 leopard geckos
  12 orcs
  3 giant cockroaches
  7 goblins
  4 hobgoblins
  2 jackals (D:1)
  2 quokkas
  8 bats
  5 frilled lizards
  9 kobolds
  7 rats
91 creatures vanquished.

Notes
Turn   | Place    | Note
-------+----------+-------------------------------------------
     0 | D:1      | BeastOfSaturn the Ghoul Fighter began the quest for the
                  | Orb.
     0 | D:1      | Reached XP level 1. HP: 19/19 MP: 0/0
   137 | D:1      | Reached XP level 2. HP: 25/26 MP: 1/1
   447 | D:1      | Reached XP level 3. HP: 27/31 MP: 2/2
   901 | D:2      | Noticed a scorpion
  1107 | D:2      | Killed a scorpion
  1107 | D:2      | Reached XP level 4. HP: 34/38 MP: 3/3
  1247 | D:2      | Found a faded altar of an unknown god.
  1254 | D:2      | Reached XP level 5. HP: 24/44 MP: 4/4
  2000 | D:3      | Found a runed translucent door.
  2000 | D:3      | Noticed ichi404's ghost (weakling TrWr)
  2011 | D:3      | Reached skill level 1 in Polearms
  2011 | D:3      | Reached skill level 1 in Dodging
  2011 | D:3      | Reached XP level 6. HP: 46/52 MP: 5/5
  2057 | D:3      | Killed ichi404's ghost
  2086 | D:3      | Found a runed translucent door.
  2919 | D:4      | Reached XP level 7. HP: 50/56 MP: 6/6
  3278 | D:5      | Entered Level 5 of the Dungeon
  3325 | D:4      | HP: 2/59 [sky beast (2)]
  3325 | D:4      | Slain by a sky beast

Levels and vault maps discovered:
D:1:      dpeg_arrival_concentric_ovals, layout_basic
D:2:      layout_rooms, chequers_ecumenical_altar_simple
D:3:      layout_rooms, ebering_ghost_sewer_f, chequers_garden,
          roderic_lattice_a, grunt_decor_one_mirror, hangedman_decor_riveting,
          kennysheep_generic_room_10
D:4:      layout_rooms, first_ration
D:5:      layout_basic, minmay_temple_entry_overgrown, serial_park_tiny_pond,
          uniq_pikel, uniq_sigmund, uniq_menkaure

Skill      XL: |  1  2  3  4  5  6  7 |
---------------+----------------------+-----
Maces & Flails | 2 3 |  3.2
Shields        | 3 4 |  4.8
Armour         | 3 |  3.7
Polearms       | 1 2 |  2.7
Dodging        | 1 |  1.3
Fighting       | 4 |  4.0

Action                   |  1- 3 |  4- 6 |  7- 9 || total
-------------------------+-------+-------+-------++-------
Melee: Flail             |   164 |    84 |       ||   248
       Spear             |       |   154 |    72 ||   226
  Use: Potion            |       |     1 |     1 ||     2
       Scroll            |       |     2 |       ||     2
  Eat: Chunk             |    13 |    17 |     5 ||    35
Armor: Scale mail        |   114 |    71 |    22 ||   207
Dodge: Dodged            |    62 |    51 |    23 ||   136
Block: Kite shield       |   108 |   104 |    36 ||   248

Table legend:
 A = Non-vault XP
 B = Vault XP
 C = Vault XP percentage of total XP
 D = Non-vault monster count
 E = Vault monster count
 F = Vault count percentage of total count
                 A         B        C        D         E       F
            +---------+---------+-------+---------+---------+-------
      Total |     603 |     188 |  23.8 |      85 |       6 |   6.6
            +---------+---------+-------+---------+---------+-------
        D:1 |      45 |       0 |   0.0 |      25 |       0 |   0.0
        D:2 |     121 |       0 |   0.0 |      16 |       0 |   0.0
        D:3 |     164 |     188 |  53.4 |      24 |       6 |  20.0
        D:4 |     273 |       0 |   0.0 |      20 |       0 |   0.0
            +---------+---------+-------+---------+---------+-------
